 Dungeon Crawl Stone Soup version 0.17-a0-1380-gc4949c2 (webtiles) character file.

28 Geomchi the Insei (level 2, -1/24 HPs)
             Began as a Demonspawn Monk on June 15, 2015.
             Slain by a hobgoblin (3 damage)
             ... on level 1 of the Dungeon.
             The game lasted 00:02:33 (1581 turns).

Geomchi the Insei (Demonspawn Monk)                 Turns: 1581, Time: 00:02:34

Health: -1/24      AC:  6    Str: 11    XL:     2   Next: 96%
Magic:  2/2        EV: 11    Int: 11    God:
Gold:   65         SH:  0    Dex: 15    Spells: 0 memorised, 1 level left

rFire  . . .     SeeInvis .       - Unarmed
rCold  + . .     Clarity  .     l - +0 ring mail
rNeg   . . .     SustAt   .     (no shield)
rPois  .         Gourm    .     c - +0 helmet
rElec  .         Spirit   .     (no cloak)
rCorr  .         Warding  .     (no gloves)
rMut   .         Stasis   .     (no boots)
MR     .....                    h - amulet of faith
Stlth  +.........               (no ring)
                                j - ring of invisibility

@: not resistant to hostile enchantments, very unstealthy
A: cold resistance 1
a: Evoke Invisibility


You were on level 1 of the Dungeon.
You were very hungry.

You visited 1 branch of the dungeon, and saw 2 of its levels.

You collected 65 gold pieces.

Inventory:

Armour
 a - a +0 robe
 c - a +0 helmet (worn)
 l - a +0 ring mail (worn)
Jewellery
 h - an amulet of faith (around neck)
 j - a ring of invisibility (left hand)
Scrolls
 d - a scroll of recharging {unknown}
 e - 2 scrolls of identify {unknown}
 f - a scroll of blinking {unknown}
 g - a scroll of magic mapping {unknown}
 i - a scroll of fog {unknown}
 k - a scroll of remove curse {unknown}
Comestibles
 b - 2 bread rations {@e1}
 m - a beef jerky


   Skills:
 - Level 3.0 Fighting
 - Level 2.6 Dodging
 - Level 1.7 Stealth
 + Level 4.5 Unarmed Combat


You had one spell level left.
You didn't know any spells.

Dungeon Overview and Level Annotations

Branches:
Dungeon (2/15)

Altars:

Annotations:
D:1 Ijyb


Innate Abilities, Weirdness & Mutations

Your flesh is cold resistant.


Message History

You hit Ijyb but do no damage. Ijyb hits you with an enchanted club.
* * * LOW HITPOINT WARNING * * *
The hobgoblin barely misses you.
You take 1 damage, and have 7/24 hp.
You closely miss Ijyb. Ijyb closely misses you.
The hobgoblin hits you but does no damage.
Your ring mail prevents you from hitting Ijyb.
Ijyb barely misses you. The hobgoblin barely misses you.
You completely miss Ijyb. The hobgoblin barely misses you.
Ijyb hits you but does no damage.
You hit Ijyb but do no damage. The hobgoblin closely misses you.
You hit Ijyb. Ijyb hits you but does no damage. The hobgoblin hits you.
* * * LOW HITPOINT WARNING * * *
You closely miss Ijyb. Ijyb hits you with an enchanted club.
* * * LOW HITPOINT WARNING * * *
You hit Ijyb but do no damage. The hobgoblin closely misses you.
Ijyb hits you with an enchanted club.
* * * LOW HITPOINT WARNING * * *
You barely miss Ijyb. The hobgoblin hits you.
You die...

#......##.# ### #####
#.>....##.#### #.# #...#
#......#.....# #.#
....###......#.....# #.#
.............#.....# #.#
#.#####......#.....# ######'# #.#
#.............# ###.......
#.####.###.....g...#####.#.......
....##.# #.....g@.....##.#.......
....##.# #..#########.##.#.......
....##.###..# #.##.#.......
....'...g...# #.##.#...##'#
....##.###..#########)##.#...+..#
.............................#..#
#......#.....................#..#
#.####.#......#######.#....###..#
..# #.#......#######.#.........#


You could see Ijyb and a hobgoblin.

Vanquished Creatures
  An ooze (D:1)
  A giant gecko (D:1)
  A giant cockroach (D:1)
  2 hobgoblins (D:1)
  6 bats
  A giant newt (D:1)
  4 goblins (D:1)
  5 kobolds
  A rat (D:1)
22 creatures vanquished.

Notes
Turn   | Place    | Note
--------------------------------------------------------------
     0 | D:1      | Geomchi the Demonspawn Monk began the quest for the Orb.
     0 | D:1      | Reached XP level 1. HP: 18/18 MP: 1/1
   372 | D:1      | Reached skill level 4 in Unarmed Combat
   436 | D:1      | Gained mutation: Your flesh is cold resistant. [demonic ancestry]
   436 | D:1      | Reached XP level 2. HP: 22/24 MP: 2/2
  1103 | D:2      | Noticed Ijyb
  1581 | D:1      | Slain by a hobgoblin

Vault maps used:
D:1:      lightli_arrival_chessboard
D:2:      serial_forest, infiniplex_forest_clump_double, infiniplex_forest_pool,
          infiniplex_forest_corner_1, infiniplex_forest_lined_corner,
          infiniplex_forest_straight_5, infiniplex_forest_clump_small,
          first_bread, uniq_iyjb, uniq_terence

Action                   || total
-------------------------++-------
Melee: Unarmed           ||   142
  Use: Potion            ||     1
  Eat: Chunk             ||     1
